 Dungeon Crawl Stone Soup version 0.29.0-4-gdea44cf6ec (webtiles) character file.

Game seed: 5461644333180853215

256 qw the Chopper (level 6, -6/35 HPs)
             Began as a Tengu Warper on Aug 28, 2022.
             Mangled by Terence
             ... wielding a +0 mace
              (8 damage)
             ... on level 3 of the Dungeon.
             The game lasted 00:00:12 (2661 turns).

qw the Chopper (Tengu Warper)                       Turns: 2661, Time: 00:00:13

Health: -6/35      AC:  4    Str: 13    XL:     6   Next: 15%
Magic:  10/10      EV: 14    Int: 14    God:
Gold:   53         SH:  0    Dex: 13    Spells: 9/9 levels left

rFire   . . .      SeeInvis .   Y - +0 hand axe
rCold   . . .      Faith    .   (no shield)
rNeg    . . .      Spirit   .   b - +0 leather armour
rPois   .          Reflect  .   (helmet restricted)
rElec   .          Harm     .   c - +0 cloak
rCorr   .          Rampage  .   (no gloves)
Will    .....                   (boots unavailable)
Stlth   +.........              (no amulet)
HPRegen 0.11/turn               (no ring)
MPRegen 0.12/turn               (no ring)

@: about to teleport, flying quickly and evasively, quick
A: beak, talons 3, nimble flight
a: no special abilities


You were on level 3 of the Dungeon.
You visited 1 branch of the dungeon, and saw 3 of its levels.

You collected 53 gold pieces.


Innate Abilities, Weirdness & Mutations

You have a beak for a mouth.
You have claws for feet.
Your magical nature lets you fly swiftly and evasively.


   Skills:
 - Level 2.0 Fighting
 + Level 6.9 Axes
 - Level 1.0 Throwing
 - Level 1.1 Armour
 - Level 2.1 Dodging
 - Level 2.0 Spellcasting
 - Level 2.4 Translocations


You had 9 spell levels left.
You didn't know any spells.
Your spell library contained the following spells:

 Spells                   Type           Power      Damage    Failure   Level
 Blink                    Tloc           16%        N/A       17%         2
 Gell's Gravitas          Tloc           8%         N/A       34%         3
 Lesser Beckoning         Tloc           8%         N/A       34%         3
 Teleport Other           Tloc           8%         N/A       34%         3
 Manifold Assault         Tloc           8%         N/A       97%         5

Inventory:

Hand Weapons
 h - a +0 club
 Y - a +0 hand axe (weapon)
Armour
 b - a +0 leather armour (worn)
 c - a +0 cloak (worn)
Scrolls
 i - a scroll of identify
Potions
 f - a potion of curing

Dungeon Overview and Level Annotations

Branches:
Dungeon (3/15)

Altars:

Shops:
D:1 :

Annotations:
D:2 1 runed translucent door, Crazy Yiuf
D:3 Terence


Message History

HP restored.
There is a stone staircase leading up here.
A frilled lizard comes into view.
The frilled lizard hisses angrily.
You hit the frilled lizard.
You kill the frilled lizard!
Terence the Incautious comes into view.
He is wielding a +0 mace.
Terence shouts!
Enter note: You hit Terence but do no damage.
Terence closely misses you.
You hit Terence but do no damage. Your kick misses Terence.
You peck Terence, but do no damage.
Terence drinks a potion.
Terence seems to grow stronger.
You barely miss Terence. Terence hits you with a +0 mace.
You hit Terence but do no damage. Your kick misses Terence. Terence misses you.
You closely miss Terence. Your kick misses Terence.
Terence hits you with a +0 mace.
You barely miss Terence. You claw Terence.
Terence is lightly wounded.
Terence barely misses you.
You hit Terence. You peck Terence, but do no damage.
Terence is moderately wounded.
You barely miss Terence. You claw Terence. You peck Terence, but do no damage.
Terence is moderately wounded.
Terence hits you with a +0 mace!
You hit Terence but do no damage.
Terence is moderately wounded.
Terence shouts, "Get ready for death!"
Terence barely misses you.
You closely miss Terence. You claw Terence. Your peck misses Terence.
Terence is heavily wounded.
Terence hits you with a +0 mace!
2661 ||| READING scroll of teleportation.
As you read the scroll of teleportation, it crumbles to dust.
You feel strangely unstable. Terence hits you with a +0 mace!
You die...

#.########
#........#
########.#
#.# #.#
#.# #.#
########.#
......@@.#
##########


You could see Terence (strong).

Vanquished Creatures
  Sigmund (D:2)
  Jessica (D:2)
  A gnoll (D:1)
  2 adders (D:2)
  A worm (D:2)
  5 ball pythons
  An endoplasm (D:1)
  2 giant cockroaches (D:1)
  2 goblins (D:1)
  5 hobgoblins
  2 jackals (D:1)
  2 kobolds
  A quokka (D:3)
  9 bats
  4 frilled lizards
  2 rats (D:1)
41 creatures vanquished.

Vanquished Creatures (others)
  A fungus (D:1)
  4 plants (D:1)
5 creatures vanquished.

Grand Total: 46 creatures vanquished

Notes
Turn   | Place    | Note
-------+----------+-------------------------------------------
     0 | D:1      | qw the Tengu Warper began the quest for the Orb.
     0 | D:1      | Reached XP level 1. HP: 12/12 MP: 4/4
     0 | D:1      | 0 ||| qw: Version: 0.1-a-89-g26bdef1
     0 | D:1      | 0 ||| qw: Game counter: 3310
     0 | D:1      | 0 ||| qw: Always use a shield: true
     0 | D:1      | 0 ||| qw: God list: Okawaru
     0 | D:1      | 0 ||| qw: Allow faded altars: false
     0 | D:1      | 0 ||| qw: Do Orc after D:15 true
     0 | D:1      | 0 ||| qw: Do second Lair branch before Depths: true
     0 | D:1      | 0 ||| qw: Lair rune preference: random
     0 | D:1      | 0 ||| qw: Plans: Normal
     0 | D:1      | 0 ||| PLANNING D:1-11
    78 | D:1      | Found a faded altar of an unknown god.
    86 | D:1      | Reached skill level 3 in Axes
    86 | D:1      | Reached XP level 2. HP: 7/17 MP: 6/6
   645 | D:1      | Reached XP level 3. HP: 19/21 MP: 7/7
   780 | D:1      | Found Diqigeerph's Book Boutique.
  1038 | D:1      | Reached skill level 4 in Axes
  1330 | D:1      | 1330 ||| DROPPING ring of flight.
  1331 | D:1      | 1331 ||| READING scroll labelled VIUTTUDUOS.
  1332 | D:1      | 1332 ||| READING scroll labelled LOV AJIHUOPS.
  1335 | D:1      | 1335 ||| READING 2 scrolls labelled YNEHEO MUUT.
  1336 | D:1      | 1336 ||| READING scroll labelled GUCIKAM VOE.
  1337 | D:1      | 1337 ||| READING 2 scrolls labelled GIOWYO XUTO.
  1338 | D:1      | 1338 ||| READING scroll labelled MOGY EDGHUSEI.
  1339 | D:1      | 1339 ||| DRINKING 3 fuming red potions.
  1340 | D:1      | 1340 ||| DROPPING scroll of blinking.
  1341 | D:1      | 1341 ||| DROPPING scroll of immolation.
  1411 | D:2      | Found a runed translucent door.
  1412 | D:2      | Noticed Crazy Yiuf
  1459 | D:2      | 1459 ||| Stepping ~*~*~tactically~*~*~ (stealth).
  1461 | D:2      | 1461 ||| Stepping ~*~*~tactically~*~*~ (stealth).
  2008 | D:2      | Reached XP level 4. HP: 26/26 MP: 8/8
  2044 | D:2      | Noticed Jessica
  2049 | D:2      | Killed Jessica
  2050 | D:2      | Reached skill level 5 in Axes
  2264 | D:2      | Noticed Sigmund
  2272 | D:2      | 2272 ||| DRINKING 2 potions of curing.
  2272 | D:2      | 2272 ||| (to cure confusion)
  2282 | D:2      | Killed Sigmund
  2283 | D:2      | Reached skill level 6 in Axes
  2283 | D:2      | Gained mutation: Your magical nature lets you fly swiftly
                  | and evasively. [Tengu growth]
  2283 | D:2      | Reached XP level 5. HP: 15/30 MP: 9/9
  2283 | D:2      | Reached XP level 6. HP: 18/35 MP: 10/10
  2537 | D:2      | 2537 ||| DROPPING orb of light.
  2538 | D:2      | 2538 ||| UPGRADING to +0 cloak.
  2543 | D:2      | 2543 ||| READING scroll labelled ZUCONTE YTAM XIUT.
  2544 | D:2      | 2544 ||| READING 2 scrolls of identify.
  2544 | D:2      | 2544 ||| IDENTIFYING lumpy green potion
  2545 | D:2      | 2545 ||| DROPPING potion of flight.
  2645 | D:3      | Noticed Terence
  2660 | D:3      | HP: 1/35 [Terence/+0 mace (9)]
  2661 | D:3      | 2661 ||| READING scroll of teleportation.
  2661 | D:3      | Mangled by Terence

Levels and vault maps discovered:
D:1:      minmay_arrival_four_loops, layout_basic, serial_shops,
          nicolae_shop_crystal, dreamdust_ecumenical_altar_grove
D:2:      layout_loops_ring, uniq_crazy_yiuf_cottage, uniq_jessica, uniq_sigmund
D:3:      layout_loops_ring, nemelex_xobeh_ov_fountains_minmay,
          lemuel_doored_altar, uniq_terence, uniq_grinder, uniq_robin

Skill      XL: |  1  2  3  4 |
---------------+-------------+-----
Axes           | 3 4 6 |  6.9
Fighting       | |  2.0
Throwing       | |  1.0
Armour         | |  1.1
Dodging        | |  2.1
Spellcasting   | |  2.0
Translocations | |  2.4

Action                   |  1- 3 |  4- 6 || total
-------------------------+-------+-------++-------
Melee: Hand axe          |    87 |    34 ||   121
       Kick              |    19 |     9 ||    28
       Peck              |     6 |    10 ||    16
Throw: Boomerang         |     7 |       ||     7
  Use: Scroll            |     6 |     3 ||     9
       Potion            |     1 |     1 ||     2
Armor: Leather armour    |    24 |     6 ||    30
Dodge: Dodged            |    41 |     8 ||    49

Table legend:
 A = Non-vault XP
 B = Vault XP
 C = Vault XP percentage of total XP
 D = Non-vault monster count
 E = Vault monster count
 F = Vault count percentage of total count
                 A         B        C        D         E       F
            +---------+---------+-------+---------+---------+-------
      Total |      98 |     268 |  73.2 |      39 |       2 |   4.9
            +---------+---------+-------+---------+---------+-------
        D:1 |      50 |       0 |   0.0 |      24 |       0 |   0.0
        D:2 |      45 |     268 |  85.6 |      13 |       2 |  13.3
        D:3 |       3 |       0 |   0.0 |       2 |       0 |   0.0
            +---------+---------+-------+---------+---------+-------
